 Dungeon Crawl Stone Soup version 0.30-a0-135-g630cfc4551 (webtiles) character file.

Game seed: 16791089469351207121

466 SigmundSlayer the Digger (level 6, -4/44 HPs)
             Began as a Demonspawn Earth Elementalist on Sept 20, 2022.
             Was a Believer of Kikubaaqudgha.
             Slain by a gnoll
             ... wielding a +0 spear
             ... led by a gnoll bouda
              (7 damage)
             ... on level 4 of the Dungeon.
             The game lasted 00:04:07 (3498 turns).

SigmundSlayer the Digger (DsEE)                     Turns: 3498, Time: 00:04:07

Health: -4/44      AC:  4    Str:  8    XL:     6   Next: 81%
Magic:  2/11       EV: 12    Int: 19    God:    Kikubaaqudgha [**....]
Gold:   192        SH:  0    Dex: 13    Spells: 11/12 levels left

rFire   . . .      SeeInvis .      - Unarmed
rCold   + . .      Faith    .    (no shield)
rNeg    . . .      Spirit   .    p - +2 robe {rC+}
rPois   .          Reflect  .    (no helmet)
rElec   .          Harm     .    (no cloak)
rCorr   .          Rampage  .    (no gloves)
Will    .....                    (no boots)
Stlth   ++........               h - amulet of regeneration
HPRegen 0.94/turn                (no ring)
MPRegen 0.12/turn                (no ring)

@: no status effects
A: claws 1, spiny 2
a: Renounce Religion, Unearth Wretches


You were on level 4 of the Dungeon.
You worshipped Kikubaaqudgha.
Kikubaaqudgha was pleased with you.
You visited 1 branch of the dungeon, and saw 4 of its levels.

You collected 192 gold pieces.

Inventory:

Armour
 p - a +2 robe of cold resistance (worn)
Magical Staves
 a - a staff of conjuration
Jewellery
 h - an amulet of regeneration (around neck)
 o - an amulet of reflection
Wands
 n - a wand of flame (5)
Scrolls
 k - a scroll of magic mapping
 m - 2 scrolls of summoning
Potions
 c - a potion of haste
 d - a potion of curing {unknown}
 e - a potion of attraction {unknown}
 f - a potion of might {unknown}
 g - 2 potions of heal wounds {unknown}
 i - a potion of ambrosia {unknown}
 j - a potion of mutation {unknown}
 l - 2 potions of degeneration {unknown}


   Skills:
 + Level 2.1 Fighting
 + Level 1.8 Armour
 + Level 2.8 Dodging
 - Level 1.7 Stealth
 + Level 1.7 Unarmed Combat
 + Level 3.5 Spellcasting
 - Level 0.8 Transmutations
 + Level 4.0 Earth Magic
 - Level 2.0 Evocations


You had 11 spell levels left.
You knew the following spells:

 Your Spells              Type           Power      Damage    Failure   Level
a - Sandblast             Erth           36%        2d10      2%          1

Your spell library contained the following spells:

 Spells                   Type           Power      Damage    Failure   Level
 Passwall                 Tmut/Erth      10%        N/A       8%          2
 Necrotise                Necr           12%        1d4       14%         1
 Stone Arrow              Conj/Erth      22%        3d8       19%         3
 Cigotuvi's Dreadful Rot  Necr/Pois/Air  6%         N/A       22%         2
 Vampiric Draining        Necr           3%         2d6       41%         3
 Petrify                  Tmut/Erth      12%        N/A       45%         4
 Anguish                  Hex/Necr       1%         N/A       82%         4
 Borgnjor's Vile Clutch   Necr/Erth      5%         N/A       87%         5
 Alistair's Intoxication  Tmut/Pois      3%         N/A       98%         5
 Eringya's Noxious Bog    Tmut/Pois      2%         N/A       100%        6


Dungeon Overview and Level Annotations

Branches:
Dungeon (4/15)
 Temple: D:4-7

Altars:
Cheibriados
Kikubaaqudgha
Yredelemnul


Innate Abilities, Weirdness & Mutations

You have sharp fingernails.
You are mostly covered in sharp spines.


Message History

The blast of sand hits the gnoll.
The gnoll is moderately wounded.
The gnoll closely misses you.
Aiming: Sandblast (safe; 2% risk of failure)
Press: ? - help, Q - select action, (/) - cycle Shift-Dir - straight line, f/p - gnoll
Aim: a gnoll, wielding a +0 halberd (moderately wounded, covering ground quickly, 84% to hit)
The blast of sand hits the gnoll!
The gnoll is almost dead.
The gnoll hits you from afar with a +0 halberd.
The gnoll misses you.
Aiming: Sandblast (safe; 2% risk of failure)
Press: ? - help, Q - select action, (/) - cycle Shift-Dir - straight line, f/p - gnoll
Aim: a gnoll, wielding a +0 halberd (almost dead, covering ground quickly, 84% to hit)
The blast of sand hits the gnoll.
You kill the gnoll!
Kikubaaqudgha accepts your kill.
Aiming: Sandblast (safe; 2% risk of failure)
Press: ? - help, Q - select action, (/) - cycle Shift-Dir - straight line, f - gnoll
Aim: a gnoll, wielding a +0 whip and wearing a +0 leather armour (84% to hit)
The blast of sand hits the gnoll but does no damage.
The gnoll barely misses you.
The gnoll hits you from afar with a +0 spear.
Aiming: Sandblast (safe; 2% risk of failure)
Press: ? - help, Q - select action, (/) - cycle Shift-Dir - straight line, f/p - gnoll
Aim: a gnoll, wielding a +0 whip and wearing a +0 leather armour (84% to hit)
The blast of sand hits the gnoll but does no damage.
The gnoll barely misses you.
The gnoll hits you from afar with a +0 spear.
Aiming: Sandblast (safe; 2% risk of failure)
Press: ? - help, Q - select action, (/) - cycle Shift-Dir - straight line, f/p - gnoll
Aim: a gnoll, wielding a +0 whip and wearing a +0 leather armour (84% to hit)
The blast of sand hits the gnoll but does no damage.
The gnoll closely misses you.
The gnoll hits you from afar with a +0 spear!
* * * LOW HITPOINT WARNING * * *
The gnoll hits you with a +0 whip.
* * * LOW HITPOINT WARNING * * *
The gnoll hits you from afar with a +0 spear!
You die...
Kikubaaqudgha rasps: "You have failed me!
Welcome... death!"

#.# #>.# #.##.. #.#
###..#####..#..
#.########...........#..
#..........#(.######.#..
###...........# ##.#..
#.#########.#####.....
#.##### #...........
#.....# #######..##.
#####@# #).##. #g#
#..... #g# #.###. ..>
#.#### ..#.. #.)... ##.
.## ###### ## ##


You could see 2 gnolls.

Vanquished Creatures
  An ogre (D:4)
  A hound (D:4)
  2 orc priests
  A gnoll bouda (D:4)
  An orc wizard (D:3)
  A scorpion zombie (D:3)
  Natasha (thrice) (D:2)
  3 gnolls (D:4)
  4 adders
  An adder zombie (D:3)
  3 worms
  A dart slug (D:4)
  6 orcs
  A bat (D:3)
  4 endoplasms
  A giant cockroach (D:2)
  3 goblins
  5 hobgoblins
  7 jackals (D:2)
  2 quokkas
  2 ball pythons
  A ball python zombie (D:3)
  5 frilled lizards
  8 kobolds
  A quokka zombie (D:3)
  4 rats
72 creatures vanquished.

Vanquished Creatures (collateral kills)
  A ball python (D:4)
1 creature vanquished.

Grand Total: 73 creatures vanquished

Notes
Turn   | Place    | Note
-------+----------+-------------------------------------------
     0 | D:1      | SigmundSlayer the Demonspawn Earth Elementalist began the
                  | quest for the Orb.
     0 | D:1      | Reached XP level 1. HP: 13/13 MP: 3/3
   203 | D:1      | Found a faded altar of an unknown god.
   209 | D:1      | Prayed at the altar of an unknown god.
   209 | D:1      | Became a worshipper of Kikubaaqudgha
   209 | D:1      | Reached * piety under Kikubaaqudgha
   209 | D:1      | Received a gift from Kikubaaqudgha
   713 | D:2      | Gained mutation: You are partially covered in sharp spines.
                  | [demonic ancestry]
   713 | D:2      | Reached XP level 2. HP: 19/19 MP: 1/5
   792 | D:2      | Reached skill level 3 in Earth Magic
   869 | D:2      | Noticed Natasha
   874 | D:2      | Killed Natasha
   875 | D:2      | Reached skill level 1 in Evocations
   875 | D:2      | Reached XP level 3. HP: 9/24 MP: 1/6
   923 | D:2      | Noticed Natasha
   927 | D:2      | Killed Natasha
   977 | D:2      | Gained mutation: You have sharp fingernails. [demonic
                  | ancestry]
   977 | D:2      | Reached XP level 4. HP: 26/30 MP: 1/8
  1464 | D:2      | Noticed Natasha
  1469 | D:2      | Killed Natasha
  1797 | D:3      | Reached ** piety under Kikubaaqudgha
  2226 | D:3      | Found a snail-covered altar of Cheibriados.
  2302 | D:3      | Reached skill level 1 in Fighting
  2302 | D:3      | Reached XP level 5. HP: 35/37 MP: 1/9
  2416 | D:3      | Found a basalt altar of Yredelemnul.
  2679 | D:3      | Reached skill level 1 in Armour
  2680 | D:3      | Reached skill level 1 in Unarmed Combat
  3171 | D:4      | Noticed an ogre
  3177 | D:4      | Killed an ogre
  3178 | D:4      | Gained mutation: You are mostly covered in sharp spines.
                  | [demonic ancestry]
  3178 | D:4      | Reached XP level 6. HP: 44/44 MP: 5/11
  3493 | D:4      | Reached skill level 4 in Earth Magic
  3498 | D:4      | Slain by a gnoll

Illustrated notes

Levels and vault maps discovered:
D:1:      dpeg_arrival_rhombus, layout_basic, basic_ecumenical_altar
D:2:      minmay_alternating_diamond, layout_loops_ring, uniq_natasha
D:3:      layout_loops_ring, nicolae_yredelemnul_corpse_copse,
          cheibrodos_worm_habitat, corexii_leaking_fountain, kennysheep_potato
D:4:      layout_loops_ring

Skill      XL: |  1  2  3  4  5  6 |
---------------+-------------------+-----
Earth Magic    | 3 4 |  4.0
Evocations     | 1 2 |  2.0
Spellcasting   | 3 |  3.5
Dodging        | 2 |  2.8
Fighting       | 1 2 |  2.1
Armour         | 1 |  1.8
Unarmed Combat | 1 |  1.7
Stealth        | |  1.7
Transmutations | |  0.8

Action                   |  1- 3 |  4- 6 || total
-------------------------+-------+-------++-------
 Cast: Sandblast         |    29 |    98 ||   127
  Use: Scroll            |       |     7 ||     7
       Potion            |       |     1 ||     1
Armor: Robe              |     1 |    11 ||    12
Dodge: Dodged            |     2 |    35 ||    37

Table legend: (Time is in decaauts)
 A = Elapsed time spent in this place.
 B = Non-inter-level travel time spent in this place.
 C = Inter-level travel time spent in this place.
 D = Time resting spent in this place.
 E = Time spent auto-exploring this place.
 F = Levels seen in this place.
 G = Mean time per level.
                   A        B        C        D        E       F      G
               +--------+--------+--------+--------+--------+-----+--------+
         Total |   3569 |   3446 |    123 |    260 |   2739 |   4 |  892.2 |
       Dungeon |   3569 |   3446 |    123 |    260 |   2739 |   4 |  892.2 |
               +--------+--------+--------+--------+--------+-----+--------+

Top non-repeatable levels by time:
     D:2: 1091 daAuts
     D:3: 1060 daAuts
     D:4: 742 daAuts
     D:1: 675 daAuts
